 Dungeon Crawl Stone Soup version 0.30-a0-23-ge60ba3568b (webtiles) character file.

Game seed: 5299602967110004506

301187 nicolae the Executioner (level 20, -2/170 (199) HPs)
             Began as a Minotaur Fighter on Aug 18, 2022.
             Was the Champion of Ru.
             Engulfed by a cloud of foul pestilence (11 damage)
             ... on level 3 of the Abyss on Aug 25, 2022.
             The game lasted 02:08:16 (54870 turns).

nicolae the Executioner (Minotaur Fighter)         Turns: 54870, Time: 02:08:17

HP:   -2/170 (199)  AC: 32    Str: 33    XL:     20   Next: 18%
MP:   19/19         EV: 14    Int:  5    God:    Ru [******]
Gold: 2468          SH:  0    Dex: 11    Spells: 19/19 levels left

rFire   . . .      SeeInvis .    b - +3 executioner's axe (flame)
rCold   . . .      Faith    .    (shield currently unavailable)
rNeg    . . .      Spirit   .    S - +1 plate armour {rF+}
rPois   .          Reflect  .    F - +2 hat
rElec   .          Harm     .    R - +2 cloak {Will+}
rCorr   .          Rampage  .    J - +2 pair of gloves
Will    +....                    r - +2 pair of boots {Fly}
Stlth   ..........               H - amulet of the acrobat
HPRegen 0.38/turn                z - +6 ring of strength
MPRegen 0.16/turn                q - ring of protection from cold

@: mighty, lethally poisoned (-2 -> -23), flying, studying 2 skills, heavily
drained
A: horns 2, weak 1, inability to use devices, weak-willed 1, temperature
sensitive, retaliatory headbutt
}: 2/15 runes: barnacled, gossamer
a: Renounce Religion, Draw Out Power, Power Leap, Apocalypse


You were on level 3 of the Abyss.
You worshipped Ru.
Ru was exalted by your worship.
You visited 8 branches of the dungeon, and saw 36 of its levels.
You visited the Abyss 1 time.

You collected 6814 gold pieces.
You spent 4346 gold pieces at shops.

Inventory:

Hand Weapons
 a - a +9 battleaxe of freezing
 b - a +3 executioner's axe of flaming (weapon)
Missiles
 k - 5 boomerangs of dispersal
 p - 34 poisoned darts
 w - 23 boomerangs (quivered)
 E - 7 throwing nets
 K - 5 silver boomerangs
 L - 7 atropa-tipped darts
 M - 11 javelins
 N - 5 curare-tipped darts
Armour
 r - a +2 pair of boots of flying (worn)
 C - the +0 pair of boots of the Loofah {rPois Str+2}
   (You found it on level 2 of the Spider Nest)

   Str:       It affects your strength (+2).
   rPois:     It protects you from poison.
 F - a +2 hat (worn)
 J - a +2 pair of gloves (worn)
 R - a +2 cloak of willpower (worn)
 S - a +1 plate armour of fire resistance (worn)
Jewellery
 l - a +6 ring of dexterity
 q - a ring of protection from cold (right hand)
 t - a ring of fire
 z - a +6 ring of strength (left hand)
 H - an amulet of the acrobat (around neck)
 Q - a ring of ice
 T - the ring of Pantheism {rN+ Stlth+}
   (You found it on level 15 of the Dungeon)

   [ring of positive energy]

   rN:        It protects you from negative energy.
   Stlth:     It makes you more stealthy.
 U - a ring of flight
 V - a ring of see invisible
Scrolls
 e - 3 scrolls of immolation
 h - 5 scrolls of fear
 m - 8 scrolls of teleportation
 v - 7 scrolls of butterflies
 x - 2 scrolls of blinking
 A - 5 scrolls of silence
 D - 7 scrolls of vulnerability
 I - 3 scrolls of amnesia
 O - 6 scrolls of poison
 P - a scroll of brand weapon
Potions
 c - 2 potions of mutation
 f - 2 potions of attraction
 g - 3 potions of magic
 i - 4 potions of flight
 j - 2 potions of might
 n - 6 potions of haste
 o - a potion of cancellation
 s - a potion of invisibility
 u - 7 potions of ambrosia
 y - 4 potions of curing
 G - 6 potions of lignification


   Skills:
 - Level 21.7 Fighting
 + Level 23.2 Axes
 - Level 11.3 Staves
 - Level 16.0 Throwing
 - Level 17.5 Armour
 - Level 17.1 Dodging
 - Level 5.0 Shields


You had 19 spell levels left.
You didn't know any spells.
Your spell library contained the following spells:

 Spells                   Type           Power      Damage    Failure   Level
 Magic Dart               Conj           0%         1d3       91%         1
 Necrotise                Necr           0%         1d4       91%         1
 Sandblast                Erth           0%         2d4       91%         1
 Slow                     Hex            0%         N/A       91%         1
 Poisonous Vapours        Pois/Air       0%         N/A       97%         2
 Scorch                   Fire           0%         2d5       97%         2
 Searing Ray              Conj           0%         2d4       97%         2
 Sublimation of Blood     Necr           0%         N/A       97%         2
 Confusing Touch          Hex            0%         N/A       100%        3
 Conjure Flame            Conj/Fire      0%         6-21      100%        3
 Dazzling Flash           Conj/Hex       0%         N/A       100%        3
 Gell's Gravitas          Tloc           0%         N/A       100%        3
 Ignite Poison            Fire/Tmut/Pois 0%         N/A       100%        3
 Inner Flame              Hex/Fire       0%         N/A       100%        3
 Lesser Beckoning         Tloc           0%         N/A       100%        3
 Mephitic Cloud           Conj/Pois/Air  0%         N/A       100%        3
 Portal Projectile        Hex/Tloc       0%         N/A       100%        3
 Summon Guardian Golem    Hex/Summ       0%         N/A       100%        3
 Teleport Other           Tloc           0%         N/A       100%        3
 Tukima's Dance           Hex            0%         N/A       100%        3
 Vampiric Draining        Necr           0%         2d6       100%        3
 Animate Dead             Necr           0%         N/A       100%        4
 Cause Fear               Hex            0%         N/A       100%        4
 Corpse Rot               Necr/Pois/Air  0%         N/A       100%        4
 Dispel Undead            Necr           0%         3d6       100%        4
 Flame Wave               Conj/Fire      0%         2d4       100%        4
 Fulminant Prism          Conj/Hex       0%         3d6       100%        4
 Hailstorm                Conj/Ice       0%         3d3       100%        4
 Ice Form                 Ice/Tmut       0%         N/A       100%        4
 Iskenderun's Mystic Bla  Conj/Tloc      0%         2d3       100%        4
 Leda's Liquefaction      Hex/Erth       0%         N/A       100%        4
 Petrify                  Tmut/Erth      0%         N/A       100%        4
 Sticky Flame             Conj/Fire      0%         2d3       100%        4
 Summon Lightning Spire   Summ/Air       0%         N/A       100%        4
 Agony                    Necr           0%         N/A       100%        5
 Alistair's Intoxication  Tmut/Pois      0%         N/A       100%        5
 Borgnjor's Vile Clutch   Necr/Erth      0%         N/A       100%        5
 Freezing Cloud           Conj/Ice/Air   0%         6-21      100%        5
 Irradiate                Conj/Tmut      0%         3d11      100%        5
 Iskenderun's Battlesphe  Conj           0%         2d6       100%        5
 Summon Forest            Summ/Tloc      0%         N/A       100%        5
 Summon Mana Viper        Hex/Summ       0%         N/A       100%        5
 Yara's Violent Unravell  Hex/Tmut       0%         3d3       100%        5
 Death Channel            Necr           0%         N/A       100%        6
 Dispersal                Tloc           0%         N/A       100%        6
 Eringya's Noxious Bog    Tmut/Pois      0%         N/A       100%        6
 Iron Shot                Conj/Erth      0%         9d1       100%        6
 Simulacrum               Ice/Necr       0%         N/A       100%        6
 Starburst                Conj/Fire      0%         6d3       100%        6
 Summon Cactus Giant      Summ           0%         N/A       100%        6
 Dragon Form              Tmut           0%         N/A       100%        7
 Haunt                    Necr/Summ      0%         N/A       100%        7
 Orb of Destruction       Conj           0%         9d5       100%        7
 Spellforged Servitor     Conj/Summ      0%         N/A       100%        7
 Infestation              Necr           0%         N/A       100%        8
 Dragon's Call            Summ           0%         N/A       100%        9


Dungeon Overview and Level Annotations

Branches:
Dungeon (15/15)            Temple (1/1) D:5            Lair (5/5) D:10
 Shoals (4/4) Lair:3       Spider (4/4) Lair:3        Slime (0/5) Lair:4
    Orc (2/2) D:11            Elf (3/3) Orc:2        Vaults (2/5) D:14
 Depths (0/4) D:15
  Crypt: Vaults:2-3

Altars:
Ashenzari
Cheibriados
Dithmenos
Elyvilon
Fedhas
Gozag
Hepliaklqana
Kikubaaqudgha
Makhleb
Nemelex Xobeh
Okawaru
Qazlal
Ru
Sif Muna
Trog
Uskayaw
Vehumet
Wu Jian
Xom
Yredelemnul
Zin
The Shining One
Jiyva
Lugonu

Shops:
D:6 :   D:9 ?   D:12 =   Orc:1 *   Orc:2 :*[*   Elf:1 !   Shoals:1 (
Shoals:3 *   Vaults:1 (([

Portals:
Pandemonium: Orc:2
Bazaar: Shoals:4

Annotations:
D:11 3 runed translucent doors, pdpol's ghost, journeyman TrAr
Lair:5 1 exclusion
Elf:2 exclusion: door


Innate Abilities, Weirdness & Mutations

You have a pair of horns on your head.
You are weak. (Str -2)
You cannot study or use magical devices.
You are slightly weak-willed. (Will-)
You are sensitive to extremes of temperature. (rF-, rC-)
You reflexively headbutt those who attack you in melee.


Message History

Throw: 23 boomerangs
Press: ? - help, Q - select action, (/) - cycle Shift-Dir - straight line, f/p - death drake
Aim: a death drake (severely wounded, catching its breath, 64% to hit)
You throw a boomerang. The boomerang misses the death drake.
You are engulfed in dark miasma.
You are poisoned.
* * * LOW HITPOINT WARNING * * *
You feel very sick.
Throw: 23 boomerangs
Press: ? - help, Q - select action, (/) - cycle Shift-Dir - straight line, f/p - death drake
Aim: a death drake (foul pestilence, heavily wounded, 64% to hit)
You throw a boomerang. The boomerang hits the death drake!!
The death drake is almost dead.
You are engulfed in dark miasma.
You are lethally poisoned!
* * * LOW HITPOINT WARNING * * *
x2 You feel very sick.
You feel better.
You are engulfed in dark miasma.
You are poisoned.
* * * LOW HITPOINT WARNING * * *
x2 You feel very sick.
The death drake begins to attack, but is stunned by your conviction!
The death drake breathes miasma at you. The foul vapour misses you.
Throw: 23 boomerangs
Press: ? - help, Q - select action, (/) - cycle Shift-Dir - straight line, f/p - death drake
Aim: a death drake (foul pestilence, almost dead, catching its breath, 64% to hit)
You throw a boomerang. The boomerang hits the death drake!
You kill the death drake!
You are engulfed in dark miasma.
You are more poisoned.
* * * LOW HITPOINT WARNING * * *
You feel extremely sick.
You feel better.
You are engulfed in dark miasma.
You are lethally poisoned!
* * * LOW HITPOINT WARNING * * *
x2 You feel very sick.
You feel better.
You are engulfed in dark miasma.
You are lethally poisoned!
You die...

###
.###
#@# .
.# #
####..#
...°.#
#
#.##.†#
# ##..
# #. #
### ##.
. † # #
. .


There were no monsters in sight!

Vanquished Creatures
  Bai Suzhen (Spider:4)
  Nikola (Shoals:2)
  A bone dragon (Abyss:3)
  2 deep elf blademasters (Elf:3)
  2 deep elf master archers (Elf:3)
  3 krakens
  Kirke (Spider:3)
  Donald (Shoals:1)
  4 deep elf sorcerers
  Aizul (Spider:1)
  An emperor scorpion (Spider:4)
  7 vault wardens
  4 ghost moths
  3 deep elf elementalists (Elf:3)
  6 ironbound preservers
  6 very ugly things
  4 ironbound thunderhulks
  6 entropy weavers
  Azrael (Spider:1)
  6 deep elf demonologists (Elf:3)
  2 deep elf annihilators
  7 spark wasps
  A blizzard demon (Abyss:3)
  5 merfolk impalers
  3 deep elf death magi
  2 merfolk javelineers
  3 deep elf high priests (Elf:3)
  5 yaktaur captains
  Josephine (D:10)
  2 catoblepae
  3 ironbound frosthearts (Vaults:1)
  4 hydras
  2 ogre magi (D:13)
  2 merfolk avatars
  8 boulder beetles
  5 vault guards
  3 jorogumos
  13 centaur warriors
  3 radroaches
  2 alligator snapping turtles
  4 merfolk aquamancers
  4 satyrs
  21 dancing weapons
  3 two-headed ogres
  2 deep troll earth magi
  3 tengu warriors
  A deep troll shaman (Lair:5)
  9 orc high priests
  17 death yaks
  A thrashing horror (Abyss:3)
  12 deep elf knights
  An iron troll (Vaults:2)
  A soul eater (Orc:2)
  7 pharaoh ants
  3 sun moths
  21 deep trolls
  8 orb spiders
  A death drake (shapeshifter) (Vaults:1)
  A death drake (Abyss:3)
  12 sea snakes
  2 steelbarb worms
  15 lindwurms
  11 deep elf archers
  6 orc knights
  5 necromancers
  5 wizards
  15 harpies
  19 deep elf pyromancers
  5 ironbound convokers
  18 deep elf zephyrmancers
  26 wolf spiders
  4 orc sorcerers (Orc:2)
  13 ugly things
  14 manticores
  17 fauns
  A worldbinder (Abyss:3)
  10 cyclopes
  2 moths of wrath (Spider:4)
  10 elephants
  6 vault sentinels
  8 water nymphs
  4 large abominations (Abyss:3)
  7 merfolk sirens
  11 cane toads
  6 black mambas
  5 gargoyles
  2 smoke demons
  2 torpor snails
  Maggie (D:10)
  5 centaur zombies (D:11)
  7 demonic crawlers
  3 kobold demonologists
  8 yaktaurs
  2 rime drakes
  5 komodo dragons
  A freezing wraith (D:14)
  A tengu conjurer (D:13)
  An efreet (Abyss:3)
  8 meliai
  A meliai (shapeshifter) (Elf:2)
  4 trolls
  5 wind drakes
  32 merfolk
  2 polar bears (Lair:5)
  18 blink frogs
  10 snapping turtles
  3 raiju (Abyss:3)
  4 hornets (Spider:4)
  A tarantella (shapeshifter) (D:13)
  22 tarantellas
  5 dream sheep (Shoals:3)
  3 slime creatures (Vaults:2)
  A dream sheep (shapeshifter) (D:15)
  30 jumping spiders
  30 culicivoras
  2 air elementals
  9 water elementals
  2 centaur simulacra
  34 yaks
  7 shadows
  A yak (shapeshifter) (Elf:1)
  4 wyverns
  5 basilisks
  3 hogs (Spider:4)
  19 humans (D:14)
  2 ynoxinuls (Abyss:3)
  8 wraiths
  7 fire elementals
  A neqoxec (Orc:2)
  60 redbacks
  A redback simulacrum (D:15)
  3 chaos spawn
  4 vampire mosquitoes (D:13)
  A warg (Orc:1)
  An acid dragon (D:13)
  14 water moccasins
  Duvessa (D:4)
  5 hell hounds
  A small abomination (Abyss:3)
  37 orc warriors
  A meliai simulacrum (D:12)
  4 black bears
  5 ice beasts
  2 sky beasts
  4 ogres
  11 centaurs
  25 wolves
  A kobold brigand (D:9)
  6 bullfrogs
  A necrophage (D:7)
  2 gnoll sergeants
  5 scorpions
  3 earth elementals
  3 wights (D:7)
  Dowan (D:4)
  25 killer bees
  A howler monkey (D:14)
  4 electric eels
  4 hounds
  2 gnoll boudas
  27 orc priests
  4 iguanas
  A boggart zombie (D:11)
  A hell rat (D:10)
  Natasha (twice) (D:4)
  20 orc wizards
  19 gnolls
  5 adders
  A river rat (D:10)
  A shadow imp (D:5)
  6 white imps
  2 ufetubi
  A worm (D:2)
  2 dart slugs
  81 orcs
  5 ball pythons
  6 endoplasms
  3 giant cockroaches
  8 goblins
  15 hobgoblins
  6 jackals
  12 kobolds
  4 quokkas
  3 bats
  3 frilled lizards
  8 rats
  2 lurking horrors (Abyss:3)
  10 tentacles
1331 creatures vanquished.

Vanquished Creatures (collateral kills)
  2 orb spiders (Spider:1)
  A tarantella (Spider:1)
  A jumping spider (Spider:1)
  A redback (Spider:1)
5 creatures vanquished.

Vanquished Creatures (others)
  A deep elf annihilator (Elf:3)
  2 centaur warriors (Vaults:1)
  A demonspawn (Orc:2)
  A two-headed ogre (D:14)
  A death yak (D:10)
  A thrashing horror (Abyss:3)
  A steelbarb worm (Spider:3)
  2 sea snakes
  A deep elf zephyrmancer (Elf:1)
  A deep elf pyromancer (Elf:1)
  A wolf spider (Spider:4)
  A torpor snail (Spider:1)
  A meliai (Spider:4)
  2 merfolk
  A dream sheep (Shoals:3)
  A slime creature (Vaults:2)
  A wyvern (Lair:5)
  A basilisk (D:13)
  A redback (Spider:1)
  An orc wizard (Elf:1)
  A bush (Lair:4)
  44 fungi
  A lurking horror (Abyss:3)
  262 plants
  10 tentacles
  3 withered plants (D:11)
344 creatures vanquished.

Grand Total: 1680 creatures vanquished

Notes
Turn   | Place    | Note
-------+----------+-------------------------------------------
     0 | D:1      | nicolae the Minotaur Fighter began the quest for the Orb.
     0 | D:1      | Reached XP level 1. HP: 19/19 MP: 0/0
   214 | D:1      | Reached skill level 3 in Axes
   214 | D:1      | Reached XP level 2. HP: 23/26 MP: 1/1
   970 | D:1      | Reached XP level 3. HP: 31/31 MP: 2/2
  1368 | D:2      | Found a radiant altar of Vehumet.
  1513 | D:2      | Found a faded altar of an unknown god.
  1863 | D:2      | Reached skill level 4 in Axes
  1890 | D:2      | Reached XP level 4. HP: 39/39 MP: 3/3
  1984 | D:2      | Reached skill level 5 in Shields
  2789 | D:4      | You fall into a shaft and drop 2 floors!
  2807 | D:6      | Noticed a wraith
  2818 | D:6      | Killed a wraith
  2819 | D:6      | Reached XP level 5. HP: 29/45 MP: 2/4
  2964 | D:6      | Noticed an ice beast
  2972 | D:6      | Killed an ice beast
  2973 | D:6      | Reached skill level 5 in Staves
  2973 | D:6      | Reached XP level 6. HP: 30/51 MP: 2/5
  3195 | D:5      | Entered Level 5 of the Dungeon
  3243 | D:4      | Noticed Dowan
  3243 | D:4      | Noticed Duvessa
  3253 | D:4      | Killed Duvessa
  3258 | D:4      | Killed Dowan
  3259 | D:4      | Reached XP level 7. HP: 38/57 MP: 3/6
  3578 | D:4      | Found a stormy altar of Qazlal.
  4113 | D:4      | Noticed Natasha
  4118 | D:4      | Killed Natasha
  4164 | D:4      | Noticed Natasha
  4168 | D:4      | Killed Natasha
  4169 | D:4      | Reached skill level 5 in Fighting
  4233 | D:5      | Reached XP level 8. HP: 62/70 MP: 7/7
  4275 | D:5      | Found a staircase to the Ecumenical Temple.
  4295 | Temple   | Entered the Ecumenical Temple
  4376 | D:5      | Identified the +9 arbalest of Midnight {penet, Str+4}
  4400 | D:5      | Found a sacrificial altar of Ru.
  4408 | D:5      | Became a worshipper of Ru the Awakened
  4559 | D:5      | Found a radiant altar of Vehumet.
  4968 | D:6      | Identified the +0 robe of Metiynauz {Str+2}
  5007 | D:6      | Reached skill level 10 in Staves
  5159 | D:6      | Found Ekufenur's Self-Improvement Boutique.
  5316 | D:6      | Found a sparkling altar of Nemelex Xobeh.
  5594 | D:7      | Reached skill level 10 in Fighting
  5677 | D:7      | Reached XP level 9. HP: 86/86 MP: 8/8
  5687 | D:7      | Gained mutation: You are slightly weak-willed. (Will-) [Ru
                  | sacrifice]
  5687 | D:7      | Reached * piety under Ru
  5745 | D:7      | Found a burning altar of Makhleb.
  5745 | D:7      | Found a shimmering altar of Xom.
  5745 | D:7      | Found a basalt altar of Yredelemnul.
  5745 | D:7      | Found a shadowy altar of Dithmenos.
  5746 | D:7      | Found a snail-covered altar of Cheibriados.
  5746 | D:7      | Found a shimmering blue altar of Sif Muna.
  5747 | D:7      | Found an iron altar of Okawaru.
  5747 | D:7      | Found an ornate altar of the Wu Jian Council.
  5747 | D:7      | Found a white marble altar of Elyvilon.
  6101 | D:7      | Reached skill level 5 in Axes
  6467 | D:8      | Found a bloodstained altar of Trog.
  6777 | D:8      | Found a blossoming altar of Fedhas.
  7109 | D:8      | Reached skill level 6 in Axes
  7278 | D:8      | Found a hide-covered altar of Uskayaw.
  7568 | D:9      | Noticed a troll
  7573 | D:9      | Killed a troll
  7574 | D:9      | Reached skill level 7 in Axes
  7575 | D:9      | Noticed a troll
  7586 | D:9      | Killed a troll
  7746 | D:9      | Found Doleralybb's Magic Scroll Shop.
  7750 | D:9      | Bought 2 scrolls of enchant weapon for 240 gold pieces
  7750 | D:9      | Bought a scroll of identify for 32 gold pieces
  7750 | D:9      | Bought a scroll of identify for 32 gold pieces
  7750 | D:9      | Bought a scroll of magic mapping for 120 gold pieces
  7776 | D:9      | Reached skill level 8 in Axes
  7780 | D:9      | Reached XP level 10. HP: 100/103 MP: 9/9
  7787 | D:9      | Identified the +4 chain mail of Impermeability {rC+ Int+5
                  | Dex-4}
  8271 | D:9      | Noticed a two-headed ogre
  8280 | D:9      | Killed a two-headed ogre
  8281 | D:9      | Reached skill level 15 in Fighting
  8370 | D:9      | Reached skill level 9 in Axes
  8552 | D:9      | Noticed a gargoyle
  8561 | D:9      | Killed a gargoyle
  8616 | D:10     | Entered Level 10 of the Dungeon
  8958 | D:10     | Gained mutation: You are weak. (Str -2) [Ru sacrifice]
  8958 | D:10     | Reached ** piety under Ru
  9008 | D:10     | Noticed a death yak
  9019 | D:10     | Killed a death yak
  9019 | D:10     | Noticed a death yak
  9020 | D:10     | Reached skill level 10 in Axes
  9020 | D:10     | Found a staircase to the Lair.
  9020 | D:10     | Noticed a death yak
  9024 | D:10     | Noticed a soul eater
  9027 | D:10     | Killed a death yak
  9440 | D:10     | Noticed Maggie
  9446 | D:10     | Killed Maggie
  9447 | D:10     | Reached skill level 11 in Axes
  9454 | D:10     | Noticed Josephine
  9465 | D:10     | Killed Josephine
  9466 | D:10     | Reached XP level 11. HP: 40/116 MP: 8/10
  9469 | D:10     | Reached skill level 12 in Axes
  9847 | D:10     | Killed a death yak
 10584 | D:11     | Noticed a two-headed ogre
 10592 | D:11     | Reached skill level 13 in Axes
 10605 | D:11     | Killed a two-headed ogre
 10720 | D:11     | Noticed a four-headed hydra
 10738 | D:11     | Found a staircase to the Orcish Mines.
 10774 | D:10     | Reached skill level 14 in Axes
 11032 | D:11     | Reached skill level 15 in Axes
 11288 | D:11     | Found a runed translucent gate.
 11288 | D:11     | Found a runed translucent gate.
 11288 | D:11     | Found a runed translucent gate.
 11316 | D:11     | Got the Precepts of Bolts and the Ground
 11348 | D:11     | Noticed pdpol's ghost (journeyman TrAr)
 11700 | Lair:1   | Entered Level 1 of the Lair of Beasts
 11776 | Lair:1   | Reached skill level 16 in Axes
 11869 | Lair:1   | Gained mutation: You cannot study or use magical devices.
                  | [Ru sacrifice]
 11869 | Lair:1   | Reached *** piety under Ru
 11869 | Lair:1   | Reached **** piety under Ru
 12642 | Lair:2   | Reached XP level 12. HP: 77/124 MP: 7/11
 13250 | Lair:2   | Reached skill level 17 in Axes
 13659 | Lair:2   | Noticed a five-headed hydra
 13663 | Lair:2   | Killed a seven-headed hydra
 13962 | Lair:2   | Reached skill level 18 in Axes
 14141 | Lair:3   | Noticed a catoblepas
 14146 | Lair:3   | Killed a catoblepas
 14434 | Lair:3   | Noticed a six-headed hydra
 14447 | Lair:3   | Killed a nine-headed hydra
 14812 | Lair:3   | Reached skill level 19 in Axes
 15029 | Lair:3   | Gained mutation: You are sensitive to extremes of
                  | temperature. (rF-, rC-) [Ru sacrifice]
 15029 | Lair:3   | Reached ***** piety under Ru
 15029 | Lair:3   | Reached ****** piety under Ru
 15175 | Lair:3   | Found a staircase to the Shoals.
 15182 | Lair:3   | Noticed a seven-headed hydra
 15183 | Lair:3   | Killed an eight-headed hydra
 15599 | Lair:3   | Found a hole to the Spider Nest.
 15613 | Lair:3   | Reached skill level 20 in Axes
 15613 | Lair:3   | Reached XP level 13. HP: 121/130 MP: 12/12
 15712 | Lair:3   | Reached skill level 1 in Dodging
 15883 | Lair:4   | Reached skill level 1 in Throwing
 15947 | Lair:4   | Reached skill level 5 in Armour
 16599 | Lair:4   | Found a viscous altar of Jiyva.
 16600 | Lair:4   | Found a staircase to the Slime Pits.
 16857 | Lair:5   | Entered Level 5 of the Lair of Beasts
 16918 | Lair:5   | Reached skill level 5 in Dodging
 17217 | Lair:5   | Reached skill level 5 in Throwing
 18587 | Lair:5   | Reached XP level 14. HP: 128/138 MP: 13/13
 18890 | Orc:1    | Entered Level 1 of the Orcish Mines
 19044 | Orc:1    | Found a shimmering altar of Xom.
 19380 | Orc:2    | Entered Level 2 of the Orcish Mines
 19417 | Orc:1    | Found Ekhloudi's Assorted Antiques.
 19426 | Orc:1    | Reached skill level 10 in Throwing
 19508 | Orc:1    | Bought a potion of haste for 270 gold pieces
 19508 | Orc:1    | Bought a scroll of fear for 108 gold pieces
 19508 | Orc:1    | Bought a potion of curing for 81 gold pieces
 19875 | Orc:2    | Found a staircase to the Elven Halls.
 20382 | Orc:2    | Found Taiq's General Store.
 20384 | Orc:2    | Found Xeled's General Store.
 20570 | Orc:2    | Bought a scroll of brand weapon for 133 gold pieces
 20570 | Orc:2    | Bought a scroll of identify for 28 gold pieces
 20570 | Orc:2    | Bought a scroll of teleportation for 42 gold pieces
 20570 | Orc:2    | Bought a scroll of enchant weapon for 105 gold pieces
 20570 | Orc:2    | Bought a scroll of teleportation for 42 gold pieces
 20572 | Orc:2    | Bought a scroll of identify for 24 gold pieces
 20572 | Orc:2    | Bought a potion of heal wounds for 60 gold pieces
 22195 | Orc:2    | Found Ruwk's Book Boutique.
 22195 | Orc:2    | Found Naeggug's Antique Armour Shop.
 22196 | Orc:2    | Found a one-way gate leading to the halls of Pandemonium.
 22200 | Orc:2    | Bought a pair of glowing boots for 202 gold pieces
 22607 | Spider:1 | Entered Level 1 of the Spider Nest
 22607 | Spider:1 | Noticed Aizul
 22613 | Spider:1 | Killed Aizul
 23062 | Lair:3   | Upgraded the game from 0.29-a0-1065-g47a6bb87d6 to
                  | 0.30-a0-12-gd8047c6341
 23101 | Shoals:1 | Entered Level 1 of the Shoals
 23108 | Shoals:1 | Noticed a kraken
 23114 | Shoals:1 | Found Raoleipp's Weapon Emporium.
 23295 | Shoals:1 | Killed a kraken
 23754 | Shoals:1 | Reached XP level 15. HP: 67/147 MP: 14/14
 24824 | Shoals:1 | Noticed Donald
 24828 | Shoals:1 | Killed Donald
 25268 | Shoals:2 | Noticed Nikola
 25284 | Shoals:2 | Killed Nikola
 26135 | Shoals:2 | Reached skill level 10 in Armour
 26342 | Shoals:2 | Identified the +1 helmet "Aqeosir" {Str+2}
 26354 | Shoals:2 | Identified a scroll of acquirement
 26355 | Shoals:2 | Acquired 993 gold pieces
 26556 | Shoals:2 | Noticed a kraken
 26570 | Shoals:2 | Killed a kraken
 27016 | Shoals:3 | Reached skill level 10 in Dodging
 27464 | Shoals:3 | Got the Atlas of Spellbinding
 28610 | Shoals:3 | Found Otuar's CLEARANCE SALE!.
 28617 | Shoals:3 | Bought a +0 cloak of willpower for 57 gold pieces
 28617 | Shoals:3 | Bought a scroll of vulnerability for 20 gold pieces
 28696 | Shoals:4 | Entered Level 4 of the Shoals
 28804 | Shoals:4 | Reached XP level 16. HP: 23/148 MP: 8/15
 29162 | Shoals:2 | Upgraded the game from 0.30-a0-12-gd8047c6341 to
                  | 0.30-a0-23-ge60ba3568b
 29629 | Shoals:4 | Identified the +2 halberd "Sikeax" {flame, rPois Int+8}
 29794 | Shoals:4 | Noticed a kraken
 29802 | Shoals:4 | Killed a kraken
 29937 | Shoals:4 | Identified the +5 plate armour "Forget-Me-Not" {rF- Str+7}
 30678 | Shoals:4 | Found a gateway to a bazaar.
 30788 | Shoals:4 | Got a barnacled rune of Zot
 33808 | Spider:1 | Noticed Azrael
 33990 | Spider:1 | Killed Azrael
 34852 | Spider:2 | Identified the +0 pair of boots of the Loofah {rPois Str+2}
 34951 | Spider:2 | Identified the +9 spear of Umotz {flame, rPois rF+ Int+4}
 34964 | Spider:2 | Reached XP level 17. HP: 149/162 MP: 16/16
 37053 | Spider:4 | Entered Level 4 of the Spider Nest
 37583 | Spider:4 | Noticed Kirke
 37586 | Spider:4 | Noticed Bai Suzhen
 37589 | Spider:4 | Reached skill level 15 in Armour
 37596 | Spider:3 | Killed Kirke
 37706 | Spider:4 | Killed Bai Suzhen
 38541 | Spider:4 | Reached skill level 15 in Dodging
 39518 | Spider:4 | Got a gossamer rune of Zot
 39787 | D:12     | Got Sif Muna's Vellum of Permutations
 40087 | D:12     | Found Zihiafan's Jewellery Emporium.
 40732 | D:13     | Reached skill level 15 in Throwing
 41045 | D:13     | Paralysed by something for 2 turns
 41050 | D:13     | Reached XP level 18. HP: 131/178 MP: 17/17
 42561 | D:14     | Found a gate to the Vaults.
 42820 | D:15     | Entered Level 15 of the Dungeon
 43141 | D:15     | Found a staircase to the Depths.
 43223 | D:15     | Identified the ring of Pantheism {rN+ Stlth+}
 43655 | Elf:1    | Entered Level 1 of the Elven Halls
 43675 | Elf:1    | You are sucked into a shaft and drop 1 floor!
 44109 | Elf:1    | Found Ecvilitudi's Distillery.
 44116 | Elf:1    | Bought a potion of resistance for 150 gold pieces
 45072 | Elf:1    | Identified the +8 trident of Imbalance {freeze, rPois rF-
                  | Str+4}
 46170 | Elf:2    | Found a runed translucent gate.
 46170 | Elf:2    | Found a runed translucent gate.
 46170 | Elf:2    | Found a runed translucent gate.
 47146 | Elf:3    | Entered Level 3 of the Elven Halls
 48081 | Elf:3    | Noticed a Tzitzimitl
 48652 | Elf:3    | Reached XP level 19. HP: 142/152 MP: 9/18
 48828 | Elf:3    | Identified the +9 war axe "Usminar" {speed, *Corrode
                  | Fragile rC+++ Dex+4}
 49003 | Elf:3    | Paralysed by an air elemental for 1 turns
 49489 | Elf:3    | Identified the +7 plate armour of Ysuod {Harm Fly rF+++
                  | MP-9}
 50052 | Elf:3    | Got the Compilation of Orientation
 50152 | Elf:3    | Got Zoub's Exposition on Clouds and the Quarry
 50620 | Vaults:1 | Entered Level 1 of the Vaults
 52034 | Vaults:1 | Found Gozag's Antique Weapon Shop.
 52039 | Vaults:1 | Found an opulent altar of Gozag.
 52041 | Vaults:1 | Found Gozag's Antique Weapon Shop.
 52060 | Vaults:1 | Found Gozag's Antique Armour Boutique.
 52368 | Vaults:1 | Bought a glowing plate armour for 2600 gold pieces
 52430 | Vaults:1 | Reached skill level 21 in Axes
 53556 | Vaults:2 | Reached skill level 22 in Axes
 53793 | Vaults:2 | Reached XP level 20. HP: 122/199 MP: 14/19
 54416 | Abyss:3  | Cast into level 3 of the Abyss (vault warden)
 54598 | Abyss:3  | Reached skill level 23 in Axes
 54636 | Abyss:3  | Noticed a bone dragon
 54653 | Abyss:3  | Killed a bone dragon
 54868 | Abyss:3  | HP: 2/168 [poison (dark miasma)]
 54870 | Abyss:3  | Engulfed by a cloud of foul pestilence

Illustrated notes

Levels and vault maps discovered:
D:1:      dpeg_arrival_tiny_f, layout_basic
D:2:      layout_loops_ring, basic_altar, ebering_ecumenical_altar_box
D:3:      layout_rooms
D:4:      layout_loops_ring, mainiacjoe_overflow_small_starburst,
          nicolae_ossuary_entry_plus, serial_bayou_ford_a, minmay_manual_mail,
          uniq_natasha, uniq_duvessa
D:5:      layout_rooms, nicolae_overflow_crystal_walls, vehumet_altar_wand_db,
          minmay_temple_entry_tees
D:6:      wander_river, layout_loops_ring, nemelex_spade_bored_becter,
          serial_bayou_pond_c, minmay_misc_feat_tiny,
          chequers_serial_rivers_micro_c, nicolae_shop_self_help
D:7:      layout_loops_cross, nicolae_overflows_in_rows
D:8:      layout_loops_ring, bloody_trog, general_overflow_altar,
          mainiacjoe_overflow_concentric_impassable, hangedman_decor_points,
          minmay_fractal_squares_gapless_5
D:9:      layout_cave_pods, serial_shops, kennysheep_mini_moat
D:10:     layout_long_grid, dpeg_lair_monsters, chequers_serial_rivers_marsh,
          nrook_pool_corridor, kennysheep_cross_bottleneck,
          statue_in_the_mist_lemuel, uniq_josephine, uniq_maggie
D:11:     layout_roguey, minmay_orc_entry_temple_small, serial_undead,
          serial_undead_d, serial_undead_d, serial_undead_b, serial_undead_e,
          gammafunk_ghost_icy
D:12:     layout_rooms, serial_ice, serial_ice_b, serial_ice_e, serial_ice_g,
          serial_ice_o, serial_shops, nicolae_shop_hallway_plus
D:13:     layout_stronghold, minmay_fractal_squares_gapless_7
D:14:     layout_rooms, grunt_vaults_entry_tiered, minivault_24, minivault_22
D:15:     hangedman_depths_entry_civil_slaughter, layout_cave_pools,
          minmay_misc_feat_room
Temple:   corrupted_temple
Lair:1:   layout_chaotic_city, grunt_forest_stairs_basic
Lair:2:   layout_loops_ring, beast_lair_carwin_7, lemuel_fruit_tree
Lair:3:   layout_roguey, elwin_shoals_entry_rooms, spider_nest_entry_a,
          ldierk_geyser, grunt_megastairs_5
Lair:4:   layout_regular_city, slime_entry_1
Lair:5:   grunt_lair_end_beastmaster, layout_loops_ring,
          chequers_serial_rivers_small_b
Shoals:1: layout_shoals, serial_shops, shop, uniq_donald
Shoals:2: layout_shoals, uniq_nikola
Shoals:3: layout_shoals, nicolae_shop_clearance
Shoals:4: shoals_end_grunt_garden, layout_shoals, serial_shops, statue_bzr,
          nicolae_shoals_circle_sea_wall
Spider:1: layout_spider_delve, uniq_azrael, uniq_aizul
Spider:2: layout_spider_delve
Spider:3: layout_chambers
Spider:4: spider_rune_water, uniq_kirke, uniq_bai_suzhen
Orc:1:    layout_caves, serial_shops,
          nicolae_shop_temple_entry_statues_fountains, basic_altar
Orc:2:    pf_orc_diabolical, layout_caves
Elf:1:    eino_elf_arrival_sip, layout_geoelf_diagonals, serial_shops,
          nicolae_shop_statue_plus, minivault_28, drop_trap,
          nicolae_elf_crossing_hall
Elf:2:    nicolae_elf_blades_splatter_lattice
          [nicolae_blade_entry_crossed_weapons], layout_loops_ring
Elf:3:    grunt_elf_hall_branching, layout_onion_city
Vaults:1: nicolae_vaults_little_squares_5, kennysheep_vaults_gozag_temple,
          v_alt_pattern_1, vaults_room_door_ring, vaults_room_large_hall,
          ontoclasm_vaults_chip, v_pattern_2, nicolae_vaults_big_ls,
          v_alt_pattern_1, vaults_room_fours, nicolae_vaults_rhombus_6,
          vaults_room_grunt_arrival_ludios, layout_vaults_ring
Vaults:2: v_misc_4, minmay_crypt_entry_skeletal_spiral, vaults_mumra_minichess,
          v_misc_30, v_misc_10, nicolae_vaults_an_arrangement,
          hangedman_vaults_cutoff, v_alt_pattern_5, hangedman_vaults_impose,
          v_misc_19, layout_vaults_quadrants, serial_shops,
          nicolae_shop_statue_plus
Abyss:3:  base: Spider:1, abyss_exit_lava, abyss_exit_lava,
          bh_abyss_exit_spiral, minivault_22, small_statue_intersection

Skill      XL: |  1  2  3  4  5  6  7  8  9 10 11 12 13 14 15 16 17 18 19 20 |
---------------+-------------------------------------------------------------+-----
Shields        | 4 5 |  5.0
Axes           | 3 4 8 11 16 20 22 23 | 23.2
Staves         | 4 5 7 9 11 | 11.3
Fighting       | 5 10 14 16 17 20 21 | 21.7
Dodging        | 7 8 10 13 15 16 17 | 17.1
Throwing       | 7 12 15 16 | 16.0
Armour         | 7 8 10 14 15 16 17 | 17.5

Action                   |  1- 3 |  4- 6 |  7- 9 | 10-12 | 13-15 | 16-18 | 19-21 || total
-------------------------+-------+-------+-------+-------+-------+-------+-------++-------
Melee: War axe           |   101 |    40 |       |       |       |       |       ||   141
       Headbutt          |     5 |    12 |    29 |    66 |   113 |   205 |   117 ||   547
       Lajatang          |       |    44 |   137 |       |       |       |       ||   181
       Battleaxe         |       |       |    96 |   352 |   649 |   943 |       ||  2040
       Unarmed           |       |       |       |       |       |     3 |       ||     3
       Executioner's axe |       |       |       |       |       |    97 |   479 ||   576
Throw: Dart              |       |       |       |     2 |     5 |       |       ||     7
       Throwing net      |       |       |       |     1 |       |       |       ||     1
       Boomerang         |       |       |       |       |   113 |   139 |    38 ||   290
       Javelin           |       |       |       |       |       |     2 |       ||     2
Invok: Sacrifice Essence |       |       |     1 |       |       |       |       ||     1
       Sacrifice Purity  |       |       |       |     1 |       |       |       ||     1
       Sacrifice Artific |       |       |       |     1 |       |       |       ||     1
       Draw Out Power    |       |       |       |     2 |     3 |     3 |     1 ||     9
       Power Leap        |       |       |       |     2 |     3 |     6 |     2 ||    13
       Sacrifice Resista |       |       |       |     1 |       |       |       ||     1
       Apocalypse        |       |       |       |       |     7 |     7 |     3 ||    17
Evoke: Wand              |       |       |       |    11 |       |       |       ||    11
  Use: Potion            |       |     1 |       |     4 |     6 |    14 |    12 ||    37
       Scroll            |       |       |    19 |    14 |    15 |    12 |     5 ||    65
 Stab: Invisible         |       |       |       |     2 |     4 |     8 |     3 ||    17
       Paralysed         |       |       |       |       |    11 |     6 |     8 ||    25
       Distracted        |       |       |       |       |     8 |     6 |       ||    14
Armor: Chain mail        |    53 |    60 |     6 |       |       |       |       ||   119
       Plate armour      |       |       |   177 |   230 |   253 |   547 |   223 ||  1430
Dodge: Dodged            |    28 |    27 |    98 |   132 |   283 |   611 |   303 ||  1482
Block: Buckler           |    15 |     7 |       |       |       |       |       ||    22

Table legend: (Time is in decaauts)
 A = Elapsed time spent in this place.
 B = Non-inter-level travel time spent in this place.
 C = Inter-level travel time spent in this place.
 D = Time resting spent in this place.
 E = Time spent auto-exploring this place.
 F = Levels seen in this place.
 G = Mean time per level.
                   A        B        C        D        E       F      G
               +--------+--------+--------+--------+--------+-----+--------+
         Total |  54523 |  51804 |   2719 |  15765 |  26151 |  37 | 1473.6 |
       Dungeon |  16383 |  15398 |    985 |   1780 |  10945 |  15 | 1092.2 |
        Temple |     38 |     27 |     11 |      0 |     20 |   1 |   38.0 |
          Lair |  10551 |  10114 |    437 |   4628 |   4600 |   5 | 2110.2 |
        Shoals |   7541 |   7240 |    301 |   2975 |   2908 |   4 | 1885.2 |
   Spider Nest |   5892 |   5690 |    202 |   2263 |   2151 |   4 | 1473.0 |
  Orcish Mines |   3548 |   3183 |    365 |   1309 |   1411 |   2 | 1774.0 |
   Elven Halls |   6666 |   6325 |    341 |   2198 |   2231 |   3 | 2222.0 |
        Vaults |   3466 |   3391 |     75 |    475 |   1884 |   2 | 1733.0 |
         Abyss |    434 |    434 |      0 |    136 |      0 |   1 |  434.0 |
               +--------+--------+--------+--------+--------+-----+--------+

Top non-repeatable levels by time:
  Lair:3: 5085 daAuts
Vaults:1: 2682 daAuts
   Elf:1: 2627 daAuts
   Elf:3: 2561 daAuts
   Orc:2: 2397 daAuts
Shoals:1: 2181 daAuts
Spider:4: 2126 daAuts
Shoals:3: 1958 daAuts
Spider:3: 1945 daAuts
  Lair:5: 1901 daAuts
Shoals:2: 1892 daAuts
    D:10: 1628 daAuts
     D:9: 1620 daAuts
Shoals:4: 1508 daAuts
   Elf:2: 1478 daAuts
